 Dungeon Crawl Stone Soup version 0.32-a0-411-g744942f433 (webtiles) character file.

Game seed: 8576120968182171279

401 Bravepunisher the Fiendish (level 6, -1/32 HPs)
             Began as a Spriggan Monk on Feb 21, 2024.
             Was a Priest of Makhleb.
             Killed by nerve-wracking pain
             ... invoked by an orc priest
              (3 damage)
             ... on level 4 of the Dungeon.
             The game lasted 00:07:58 (2288 turns).

Bravepunisher the Fiendish (Spriggan Monk)          Turns: 2288, Time: 00:07:59

Health: -1/32      AC:  3    Str:  7    XL:     6   Next: 54%
Magic:  11/11      EV: 20    Int: 11    God:    Makhleb [***...]
Gold:   150        SH:  0    Dex: 26    Spells: 5/5 levels left

rFire   . . .        a - +0 short sword
rCold   . . .        (no shield)
rNeg    . . .        b - +0 robe
rPois   .            (helmet restricted)
rElec   .            p - +0 cloak
rCorr   .            (gloves unavailable)
SInv    +            (boots unavailable)
Will    +....        (no amulet)
Stlth   ++           h - +6 ring of dexterity
HPRegen 0.25/turn    (no ring)
MPRegen 0.12/turn

%: no passive effects
@: very quick
A: very small, no large weapons, unfitting armour, see invisible, speed 3
a: Renounce Religion, Minor Destruction, Lesser Servant of Makhleb


You were on level 4 of the Dungeon.
You worshipped Makhleb.
Makhleb was most pleased with you.
You visited 1 branch of the dungeon, and saw 4 of its levels.

You collected 150 gold pieces.

Inventory:

Hand Weapons
 a - a +0 short sword (weapon)
Armour
 b - a +0 robe (worn)
 p - a +0 cloak (worn)
Jewellery
 h - a +6 ring of dexterity (left hand)
Scrolls
 e - 2 scrolls of amnesia {unknown}
 i - 5 scrolls of identify {unknown}
 j - a scroll of enchant weapon {unknown}
 k - a scroll of revelation {unknown}
 l - a scroll of immolation {unknown}
 o - a scroll of summoning {unknown}
Potions
 c - a potion of ambrosia
 d - 2 potions of curing {unknown}
 f - a potion of berserk rage {unknown}
 g - 2 potions of degeneration {unknown}
 m - a potion of might {unknown}
 n - a potion of haste {unknown}


   Skills:
 - Level 2.5 Fighting
 - Level 3.2 Short Blades
 - Level 4.2 Dodging
 * Level 6.5 Invocations


You had 5 spell levels left.
You didn't know any spells.
Your spell library contained the following spells:

 Spells                   Type           Power      Damage    Failure   Level
 Call Canine Familiar     Summ           0%         N/A       71%         3
 Sigil of Binding         Hex            0%         N/A       71%         3
 Dimensional Bullseye     Hex/Tloc       0%         N/A       98%         4


Dungeon Overview and Level Annotations

Branches:
Dungeon (4/15)
 Temple: D:4-7

Altars:
Cheibriados
Dithmenos
Makhleb
Qazlal

Shops:
D:1 *   D:2 ?

Annotations:
D:4 Natasha


Innate Abilities, Weirdness & Mutations

You are very small and have problems with some larger weapons.
You are too small for most types of armour.
You have supernaturally acute eyesight. (SInv)
You cover ground extremely quickly. (Speed+++)


Message History

You kill the adder!
Makhleb accepts your kill. Natasha casts a spell at you.
You resist with almost no effort.
Aiming: Minor Destruction (1% risk of failure)
Press: ? - help, Shift-Dir - straight line, f - orc priest
Aim: an orc priest, wielding a +0 mace The zap hits the orc priest.
The orc priest is moderately wounded.
An iguana comes into view.
The orc priest invokes the aid of Beogh against you.
Beogh smites you!
Aiming: Minor Destruction (1% risk of failure)
Press: ? - help, Shift-Dir - straight line, f/p - orc priest
Aim: an orc priest, wielding a +0 mace (moderately wounded)
The orc priest struggles to resist.
The iguana hisses angrily.
The orc priest casts a cantrip, but nothing happens.
Aiming: Minor Destruction (1% risk of failure)
Press: ? - help, Shift-Dir - straight line, f/p - orc priest
Aim: an orc priest, wielding a +0 mace (moderately wounded)
The glob of acid hits the orc priest!
You kill the orc priest!
Makhleb accepts your kill.
You feel better.
Aiming: Minor Destruction (1% risk of failure)
Press: ? - help, Shift-Dir - straight line, f - Natasha
Aim: Natasha The glob of acid hits Natasha!
The acid corrodes Natasha!
Natasha is heavily wounded.
Natasha stares at you and mumbles some strange words.
The magic dart hits you. The cerulean imp misses you.
The orc priest mumbles some strange prayers to Beogh against you.
Beogh smites you!
* * * LOW HITPOINT WARNING * * *
Natasha mumbles some strange words.
You see here an adder corpse.
The orc priest calls down the wrath of Beogh upon you.
Pain shoots through your body!
You die...

.# ### #)#.o# ####.###
.# #.. #....## #......#
.# #.# .#.....#
#.####.## ##
#.####.#.#...########.#
#..##
#.#....?.#............#
##... ####.S..###
#..o.......### ###.
#.....<..# ##.........#
#. .......#.#
#.........# #. #####.##
# #.)@......# #. ...#
#.†######## #. # #.#.#
#..# #. # #. .. #55# ##
#. ... #..h# #####
##### #. ##.# #...#
#)..### ##..#) #. ..
#l..# #...'.####.....
#.### #...##..#).).).
#. ########.#..)##


You could see an iguana, an orc priest, Natasha (corroded) and 2 cerulean imps.

Vanquished Creatures
  An ogre (D:3)
  A bombardier beetle (D:3)
  Crazy Yiuf (D:4)
  An orc priest (D:4)
  2 hounds (D:3)
  4 adders
  4 gnolls (D:2)
  2 dart slugs (D:2)
  2 orcs (D:3)
  3 endoplasms
  4 giant cockroaches
  2 goblins
  8 hobgoblins
  5 kobolds
  2 quokkas (D:1)
  3 ball pythons
  4 bats
  4 frilled lizards
  A rat (D:3)
54 creatures vanquished.

Notes
Turn   | Place    | Note
-------+----------+-------------------------------------------
     0 | D:1      | Bravepunisher the Spriggan Monk began the quest for the
                  | Orb.
     0 | D:1      | Reached XP level 1. HP: 11/11 MP: 2/2
    86 | D:1      | Found Muqiem's Assorted Antiques.
   143 | D:2      | Found a shadowy altar of Dithmenos.
   185 | D:2      | Identified the +8 spear of the Eleven Mice {holy, +Blink
                  | rC+ Int+4 Dex-5}
   228 | D:3      | Noticed a hound
   231 | D:3      | You fall into a shaft and drop 1 floor!
   276 | D:4      | Found a burning altar of Makhleb.
   283 | D:4      | Became a worshipper of Makhleb the Destroyer
   283 | D:4      | Reached * piety under Makhleb
   283 | D:4      | Reached ** piety under Makhleb
   326 | D:3      | Killed a hound
   327 | D:3      | Reached skill level 2 in Invocations
   327 | D:3      | Reached XP level 2. HP: 13/16 MP: 2/4
   327 | D:3      | Reached XP level 3. HP: 15/19 MP: 2/5
   434 | D:2      | Found a faded altar of an unknown god.
   512 | D:1      | Reached skill level 3 in Invocations
   883 | D:1      | Reached XP level 4. HP: 22/23 MP: 7/7
  1011 | D:2      | Reached skill level 4 in Invocations
  1192 | D:2      | Found Kareot's Magic Scroll Shop.
  1420 | D:2      | Reached XP level 5. HP: 27/27 MP: 9/9
  1560 | D:3      | Reached skill level 5 in Invocations
  1637 | D:3      | Found a stormy altar of Qazlal.
  1860 | D:3      | Found a snail-covered altar of Cheibriados.
  1864 | D:3      | Noticed an ogre
  1882 | D:3      | Killed an ogre
  1883 | D:3      | Reached skill level 6 in Invocations
  1883 | D:3      | Reached XP level 6. HP: 29/32 MP: 11/11
  1948 | D:3      | Reached *** piety under Makhleb
  2199 | D:4      | Found a runed translucent door.
  2200 | D:4      | Noticed Crazy Yiuf
  2214 | D:4      | Killed Crazy Yiuf
  2279 | D:4      | Noticed Natasha
  2286 | D:4      | HP: 1/32 [orc priest/divine providence (12)]
  2288 | D:4      | Killed from afar by an orc priest

Illustrated notes

Levels and vault maps discovered:
D:1:      wander_arrival_chamber, layout_rooms, serial_shops,
          nicolae_shop_tiny_statue_garden
D:2:      layout_loops_ring, shapermc_ecumenical_altar_totnotflames,
          serial_shops, shop, basic_altar
D:3:      layout_rooms, nicolae_qazlal_general_emergency, lemuel_doored_altar,
          kennysheep_pointless_box
D:4:      wander_river, layout_basic, mainiacjoe_overflow_brackets,
          nicolae_overflow_crystal_walls, lemuel_round_altar,
          kennysheep_generic_room_12, uniq_crazy_yiuf_cottage, uniq_natasha

Skill      XL: |  1  2  3  4  5 |
---------------+----------------+-----
Invocations    | 2 3 4 6 |  6.5
Fighting       | |  2.5
Short Blades   | |  3.2
Dodging        | |  4.2

Action                     |  1- 3 |  4- 6 || total
---------------------------+-------+-------++-------
  Melee: Short sword       |     9 |     9 ||    18
 Invoke: Minor Destruction |    39 |    81 ||   120
 Armour: Robe              |     7 |     5 ||    12
  Dodge: Dodged            |    35 |    25 ||    60

Table legend: (Time is in decaauts)
 A = Elapsed time spent in this place.
 B = Non-inter-level travel time spent in this place.
 C = Inter-level travel time spent in this place.
 D = Time resting spent in this place.
 E = Time spent auto-exploring this place.
 F = Levels seen in this place.
 G = Mean time per level.
                   A        B        C        D        E       F      G
               +--------+--------+--------+--------+--------+-----+--------+
         Total |   1570 |   1504 |     66 |      0 |   1060 |   4 |  392.5 |
       Dungeon |   1570 |   1504 |     66 |      0 |   1060 |   4 |  392.5 |
               +--------+--------+--------+--------+--------+-----+--------+

Top non-repeatable levels by time:
     D:2: 567 daAuts
     D:3: 420 daAuts
     D:1: 412 daAuts
     D:4: 170 daAuts
